 Dungeon Crawl Stone Soup version 0.30-a0-1160-g6e42c06551 (webtiles) character file.

Game seed: 9103156489032676445

191 qeuew the Covered (level 5, -1/29 HPs)
             Began as a Gargoyle Fighter on Apr 26, 2023.
             Killed from afar by Natasha (8 damage)
             ... with a magic dart
             ... on level 3 of the Dungeon.
             The game lasted 00:02:39 (2780 turns).

qeuew the Covered (Gargoyle Fighter)                Turns: 2780, Time: 00:02:39

Health: -1/29      AC:  0    Str: 22    XL:     5   Next: 70%
Magic:  5/5        EV: 13    Int:  8    God:
Gold:   118        SH:  0    Dex:  9    Spells: 4/4 levels left

rFire   . . .        a - melded +0 flail
rCold   . . .        c - melded +0 buckler
rNeg    + . .        f - melded +4 scale mail
rPois   ∞            (helmet currently unavailable)
rElec   .            (cloak currently unavailable)
rCorr   .            (gloves currently unavailable)
SInv    .            (boots currently unavailable)
Will    .....        (no amulet)
Stlth   +            (ring currently unavailable)
HPRegen 0.24/turn    (ring currently unavailable)
MPRegen 0.09/turn

%: no passive effects
@: pig-form, very quick
A: fast, no casting, sickness immunity, AC +4, small, negative energy resistance
1, (electricity resistance), torment resistance 1, petrification resistance,
(antennae 1), frail 1, evolution 1
a: no special abilities


You were on level 3 of the Dungeon.
You were a filthy swine.
You visited 1 branch of the dungeon, and saw 3 of its levels.

You collected 118 gold pieces.

Inventory:

Hand Weapons
 a - a +0 flail (melded)
Armour
 c - a +0 buckler (melded)
 f - a +4 scale mail (melded)
Wands
 i - a wand of digging (8)
Scrolls
 g - a scroll of identify
 l - a scroll of blinking
Potions
 b - 2 potions of curing
 d - 2 potions of might
 e - a potion of attraction {unknown}
 h - a potion of cancellation
 j - 2 potions of mutation
 m - a potion of resistance


   Skills:
 + Level 4.0 Fighting
 * Level 3.7 Maces & Flails
 * Level 4.7 Armour
 + Level 4.0 Shields


You had 4 spell levels left.
You didn't know any spells.
Your spell library contained the following spells:

 Spells                   Type           Power      Damage    Failure   Level
 Apportation              Tloc           0%         N/A       41%         1
 Necrotise                Necr           0%         1d4       41%         1
 Summon Small Mammal      Summ           0%         N/A       41%         1


Dungeon Overview and Level Annotations

Branches:
Dungeon (3/15)

Altars:

Annotations:
D:3 Natasha


Innate Abilities, Weirdness & Mutations

You are a filthy swine.
You move quickly.
Your equipment is almost entirely melded.
You are incapable of wielding weapons or throwing items.
You cannot cast spells.
You are immune to sickness and miasma.
((Your stone body is resilient. (AC +4)))
You are immune to poison.
You resist negative energy. (rN+)
((You are resistant to electric shocks. (rElec)))
You are resistant to unholy torment.
You are immune to petrification.
((You have a pair of small antennae on your head.))
You are frail. (-10% HP)
You have hidden genetic potential.


Message History

Natasha is heavily wounded.
Natasha stares at you and mumbles some strange words.
The magic dart hits you.
You closely miss Natasha.
Natasha is heavily wounded.
Natasha claws you.
You are too injured to fight recklessly!
You are too injured to fight recklessly!
You are too injured to fight recklessly!
You are too injured to fight recklessly!
You are too injured to fight recklessly!
You are too injured to fight recklessly!
You are too injured to fight recklessly!
You are too injured to fight recklessly!
You are too injured to fight recklessly!
You are too injured to fight recklessly!
You are too injured to fight recklessly!
You are too injured to fight recklessly!
You are too injured to fight recklessly!
You are too injured to fight recklessly!
Unknown command.
You hit Natasha.
Natasha is heavily wounded.
Natasha claws you.
* * * LOW HITPOINT WARNING * * *
You closely miss Natasha.
Natasha is heavily wounded.
Natasha claws you.
* * * LOW HITPOINT WARNING * * *
You barely miss Natasha.
Natasha is heavily wounded.
Unknown command.
You barely miss Natasha.
Natasha is heavily wounded.
Natasha misses you.
You closely miss Natasha.
Natasha is heavily wounded.
Natasha casts a spell at you. The magic dart hits you!
You die...

#..#####...###.##.###.# #....
#..# ###...###.#...##.#####....
#..###...................#.....
#......#...###.#......####.....
#..######.## #.##..<...###...##
#..# #.# #.####...##.##..#
###..# #)# #.# ##.##.[....#
.....# #.# #h# #..##.###.#
.....######.# #h# ###...### #.#
.....†......# #.###......## #.#
......###.### #...........# #.#
....#..##.# #####.......# #.#
.#...⌠.##.# ###...#.# #.#
#.#.#..##.# #...#.# #.#
#.#...###.# #..##.# #.##
#.#..## #.# #..##.# #... #.##.#
#.# #..##.# ###.


You could see Natasha.

Vanquished Creatures
  A bullfrog (D:3)
  A hound (D:3)
  Natasha (D:3)
  2 worms
  A dart slug (D:2)
  5 orcs (D:3)
  4 ball pythons
  6 bats
  3 endoplasms
  5 giant cockroaches
  5 goblins
  3 hobgoblins
  4 quokkas
  6 frilled lizards
  4 kobolds
  6 rats
57 creatures vanquished.

Notes
Turn   | Place    | Note
-------+----------+-------------------------------------------
     0 | D:1      | qeuew the Gargoyle Fighter began the quest for the Orb.
     0 | D:1      | Reached XP level 1. HP: 14/14 MP: 1/1
   203 | D:1      | Reached XP level 2. HP: 19/19 MP: 2/2
   658 | D:1      | Reached XP level 3. HP: 23/23 MP: 3/3
   989 | D:1      | Gained mutation: You have hidden genetic potential. [potion
                  | of mutation]
   989 | D:1      | Gained mutation: You are frail. (-10% HP) [potion of
                  | mutation]
  2239 | D:3      | Noticed a bullfrog
  2241 | D:3      | Reached XP level 4. HP: 25/25 MP: 4/4
  2255 | D:3      | Killed a bullfrog
  2256 | D:3      | Reached XP level 5. HP: 16/29 MP: 5/5
  2260 | D:3      | Gained mutation: You have a pair of small antennae on your
                  | head. [hidden potential]
  2458 | D:3      | Noticed Natasha
  2468 | D:3      | Killed Natasha
  2761 | D:3      | Noticed Natasha
  2780 | D:3      | Killed from afar by Natasha

Illustrated notes

Levels and vault maps discovered:
D:1:      dpeg_arrival_lava_temple_mockup, layout_basic,
          hangedman_decor_clover_reticule, minmay_worlds_worst_comb
D:2:      layout_loops_corners, columned_hall_lemuel, patterned_corridor
D:3:      layout_loops_ring, hangedman_feature_mirror, nrook_loot_triangle,
          uniq_ijyb, uniq_natasha

Skill      XL: |  1  2  3  4  5 |
---------------+----------------+-----
Armour         | 4 |  4.7
Maces & Flails | 3 |  3.7
Fighting       | 4 |  4.0
Shields        | 4 |  4.0

Action                     |  1- 3 |  4- 6 || total
---------------------------+-------+-------++-------
  Melee: Flail             |   171 |    58 ||   229
         Unarmed           |       |    11 ||    11
    Use: Scroll            |    11 |       ||    11
         Potion            |     3 |       ||     3
 Armour: Scale mail        |   118 |    40 ||   158
  Dodge: Dodged            |    89 |    38 ||   127
  Block: Buckler           |    35 |    16 ||    51

Table legend: (Time is in decaauts)
 A = Elapsed time spent in this place.
 B = Non-inter-level travel time spent in this place.
 C = Inter-level travel time spent in this place.
 D = Time resting spent in this place.
 E = Time spent auto-exploring this place.
 F = Levels seen in this place.
 G = Mean time per level.
                   A        B        C        D        E       F      G
               +--------+--------+--------+--------+--------+-----+--------+
         Total |   2847 |   2815 |     32 |      0 |   2264 |   3 |  949.0 |
       Dungeon |   2847 |   2815 |     32 |      0 |   2264 |   3 |  949.0 |
               +--------+--------+--------+--------+--------+-----+--------+

Top non-repeatable levels by time:
     D:2: 1108 daAuts
     D:1: 1040 daAuts
     D:3: 697 daAuts
